Unix NetHack Version 5.0.0-0 post-release - last build Jul 19 2026 19:10:59 (3aa4ab31751d3886436d94b585a96704892fd477,branch:main).

Game began 2026-07-27 14:40:47, ended 2026-07-28 08:23:04.

Jandor, neutral male human Wizard

   ---------       ----------
   |........#      |.........###                          "
   |.......|##     |.{.....>|  ######             * ########%
   |.......| ######....%....|       #             h@# ###
   |.......|      #|..(.....|       # ###########` ###
   |.......|      #--------.-      #### ---------# #
   ------.--      #        #########  # |.......|# #
         #        #                   ##-........############
         #        #                     |.......|  ##      -.---
         #        ##                    |.......|#####     .>..|
         ##        #                    |.......|#         |....#####
          ####     #                    |..<.....#         |...|    #---------
             #      #                   ---------          |...|    #|.[[[.)[|
      -------.------#                                   *  -----    #|.[..[.[|
      |.............#                                    ##**#)#**##*-.[.[..[|
      |........b...|                                                 |.[[..[.|
      --------------                                                 ---------

Jandor the Conjurer       St:11 Dx:15 Co:15 In:18 Wi:8 Ch:10  Neutral
Dlvl:3  $:46 HP:0(48) Pw:28(42) AC:7  Xp:5 T:3613 

Latest messages:
 The dwarf zombie hits!
 You destroy the dwarf zombie!
 The dwarf zombie is caught in a spider web.
 You already found a monster.  Use 'm' prefix to force another search.
 You hit the dwarf zombie.
 You hit the dwarf zombie.
 You destroy the dwarf zombie!
 The dwarf zombie is caught in a spider web.
 You already found a monster.  Use 'm' prefix to force another search.
 You miss the dwarf zombie.
 You hit the dwarf zombie.
 The dwarf zombie hits!
 You hit the dwarf zombie.
 You hit the dwarf zombie.
 The dwarf zombie hits!
 You hit the dwarf zombie.
 You destroy the dwarf zombie!
 Really step into that web? [yn] (n) n
 The dwarf zombie is caught in a spider web.
 You hit the dwarf zombie.
 The dwarf zombie hits!
 You hit the dwarf zombie.
 The dwarf zombie hits!
 You hit the dwarf zombie.
 The dwarf zombie hits!
 In what direction? 6
 The spell hits the dwarf zombie!
 You destroy the dwarf zombie!
 The dwarf zombie hits!
 In what direction? 6
 The spell hits the dwarf zombie!
 You destroy the dwarf zombie!
 You sense the presence of monsters.
 (For instructions type a '?')
 The kitten bites it.
 It misses the kitten.
 The kitten misses it.
 You stop.  Your kitten is in the way!
 The kitten misses it.
 You stop.  Your kitten is in the way!
 The kitten bites it.
 You swap places with your kitten.
 The dwarf swings his broad pick.
 The dwarf hits!
 You hit the dwarf.
 The dwarf swings his broad pick.
 The dwarf hits!
 You die...
 Do you want your possessions identified? [ynq] (y) y
 Do you want to see your attributes? [ynq] (y) q

Inventory:
 Coins    ('$')
  $ - 46 gold pieces
 Weapons  (')')
  z - 9 +0 arrows
  o - 13 +0 darts
  A - 2 +0 daggers (wielded)
  u - a cursed -1 elven dagger
  q - a +0 orcish dagger
  w - 2 +0 spears
  a - a blessed +1 quarterstaff
 Armor    ('[')
  r - a blessed +1 orcish helm (being worn)
  G - an uncursed +0 pair of leather gloves (being worn)
  L - an uncursed +0 Uruk-hai shield
  b - an uncursed +0 cloak of magic resistance
  x - an uncursed +0 cloak of magic resistance
  H - an uncursed +0 cloak of protection
  J - an uncursed +0 cloak of protection
  K - an uncursed +0 oilskin cloak
 Scrolls  ('?')
  v - a blessed scroll of confuse monster
  i - an uncursed scroll of earth
  j - an uncursed scroll of enchant weapon
  k - an uncursed scroll of scare monster
 Spellbooks  ('+')
  B - an uncursed spellbook of chain lightning
  m - an uncursed spellbook of detect monsters
  l - a blessed spellbook of force bolt
 Potions  ('!')
  h - an uncursed potion of blindness
  y - an uncursed potion of enlightenment
  E - a cursed potion of gain level
  f - a blessed potion of healing
  s - 2 uncursed potions of healing
  g - a blessed potion of levitation
  C - an uncursed potion of sickness
  p - a blessed potion of speed
  D - an uncursed potion of speed
 Rings    ('=')
  e - an uncursed ring of conflict
  t - a cursed -1 ring of protection
  d - an uncursed ring of sustain ability
 Wands    ('/')
  c - a wand of slow monster (0:8)
 Tools    ('(')
  n - a magic marker (0:21)

Jandor the Wizard's attributes:

Background:
 You were a Conjurer, a level 5 male human Wizard.
 You were neutral, nominally on a mission for Thoth
 who was opposed by Ptah (lawful) and Anhur (chaotic).
 You were left-handed.
 You were in the Dungeons of Doom, on level 3.
 You entered the dungeon 3613 turns ago.
 You had 242 experience points, 78 more were needed to attain level 6.

Basics:
 You had 0 out of 48 hit points.
 You had 28 out of 42 energy points (spell power).
 Your armor class was 7.
 Your wallet contained 46 zorkmids.
 Autopickup was off.

Final Characteristics:
 Your strength was 11 (limit:18/100).
 Your dexterity was 15 (limit:18).
 Your constitution was 15 (limit:18).
 Your intelligence was 18 (limit:18).
 Your wisdom was 8 (limit:18).
 Your charisma was 10 (limit:18).

Final Status:
 You weren't hungry.
 You were unencumbered.
 You were wielding daggers.
 You had basic skill with dagger.

Final Attributes:
 You were piously aligned.
 You are dead.

Miscellaneous:
 You didn't encounter any bones levels.
 Total elapsed playing time was 1 hour, 16 minutes and 44 seconds.

Major events:
 Turn
    1: Jandor the neutral male human Wizard entered the dungeon
  819: attained the rank of Conjurer (level 3)
 3613: killed by a dwarf

Spells:
 Name                 Level Category     Fail Retention
 force bolt             1   attack         0%   81%-90%
 detect monsters        1   divination     0%  76%-100%

Skills:
 Fighting Skills
   bare handed combat [Unskilled]
   riding             [Unskilled]
 Weapon Skills
   dagger             [Basic]
   knife              [Unskilled]
   axe                [Unskilled]
   short sword        [Unskilled]
   club               [Unskilled]
   mace               [Unskilled]
   quarterstaff       [Basic]
   polearms           [Unskilled]
   spear              [Unskilled]
   trident            [Unskilled]
   sling              [Unskilled]
   dart               [Unskilled]
   shuriken           [Unskilled]
 Spellcasting Skills
   attack spells      [Basic]
   healing spells     [Unskilled]
   divination spells  [Unskilled]
   enchantment spells [Basic]
   clerical spells    [Unskilled]
   escape spells      [Unskilled]
   matter spells      [Unskilled]

Voluntary challenges:
 Character rerolling was not enabled.
 You were an atheist.
 You were illiterate.
 You never genocided any monsters.
 You never polymorphed an object.
 You never changed form.
 You used no wishes.
Achievements:
 You attained the rank of Conjurer.
 You entered a shop.

 The Dungeons of Doom: levels 1 to 3
    Level 1:
       A fountain.
    Level 2:
       A fountain.
    Level 3: <- You were here.
       An armor shop, a fountain.
       Final resting place for
          you, killed by a dwarf.


Vanquished creatures:
  a large mimic
  a rock mole
  2 shriekers
  a kobold leader
  3 orc zombies
  8 dwarf zombies
  2 iguanas
  a coyote
  3 hobbits
  3 giant rats
  3 cave spiders
  a yellow mold
  8 gnome zombies
  3 geckos
  4 jackals
  3 foxes
  2 kobolds
  a goblin
  3 grid bugs
  a bat
  8 lichens
  5 kobold zombies
  4 newts
71 creatures vanquished.

No species were genocided or became extinct.

Game over:
                       ----------
                      /          \
                     /    REST    \
                    /      IN      \
                   /     PEACE      \
                  /                  \
                  |      Jandor      |
                  |      46 Au       |
                  |   killed by a    |
                  |      dwarf       |
                  |                  |
                  |                  |
                  |       2026       |
                 *|     *  *  *      | *
        _________)/\\_//(\/(/\)/\//\/|_)_______

Goodbye Jandor the Wizard...

You died in The Dungeons of Doom on dungeon level 3 with 1110 points,
and 46 pieces of gold, after 3613 moves.
You were level 5 with a maximum of 48 hit points when you died.

